 Dungeon Crawl Stone Soup version 0.31.0-9-g3a7656b989 (webtiles) character file.

Game seed: 8988501838349024994

729 qw the Shooter (level 7, 0/35 HPs)
             Began as a Spriggan Hunter on Feb 2, 2024.
             Slain by Pikel
             ... wielding a +1 whip of freezing
              (2 damage)
             ... on level 4 of the Dungeon.
             The game lasted 00:00:12 (2347 turns).

qw the Shooter (Spriggan Hunter)                    Turns: 2347, Time: 00:00:12

Health: 0/35       AC:  2    Str:  7    XL:     7   Next: 44%
Magic:  8/8        EV: 22    Int: 11    God:
Gold:   161        SH:  0    Dex: 20    Spells: 6/6 levels left

rFire   . . .        a - +0 shortbow
rCold   . . .        (shield currently unavailable)
rNeg    . . .        c - +0 robe
rPois   .            (helmet restricted)
rElec   .            (no cloak)
rCorr   .            (gloves unavailable)
SInv    +            (boots unavailable)
Will    +....        b - amulet of the acrobat
Stlth   ++           (no ring)
HPRegen 0.25/turn    (no ring)
MPRegen 0.11/turn

%: acrobat
@: very quick
A: very small, no large weapons, unfitting armour, see invisible, speed 3
a: no special abilities


You were on level 4 of the Dungeon.
You visited 1 branch of the dungeon, and saw 4 of its levels.

You collected 161 gold pieces.


Innate Abilities, Weirdness & Mutations

You are very small and have problems with some larger weapons.
You are too small for most types of armour.
You have supernaturally acute eyesight. (SInv)
You cover ground extremely quickly. (Speed+++)


   Skills:
 - Level 2.1 Fighting
 + Level 7.5 Ranged Weapons
 - Level 7.0 Dodging
 - Level 1.5 Stealth


You had 6 spell levels left.
You didn't know any spells.
Your spell library was empty.

Inventory:

Hand Weapons
 a - a +0 shortbow (weapon)
Armour
 c - a +0 robe (worn)
Jewellery
 b - an amulet of the acrobat (around neck)
Potions
 d - a potion of cancellation
 f - a potion of enlightenment
 g - a potion of curing {unknown}
 j - a potion of heal wounds {unknown}

Dungeon Overview and Level Annotations

Branches:
Dungeon (4/15)
 Temple: D:4-7

Altars:

Shops:
D:3 =

Annotations:
D:4 Pikel


Message History

Pikel completely misses you.
You shoot an arrow. The arrow barely misses Pikel.
The arrow barely misses the lemure.
Pikel completely misses you.
You shoot an arrow. The arrow hits Pikel.
Pikel is almost dead.
Pikel completely misses you.
You shoot an arrow. The arrow barely misses Pikel.
The arrow hits the lemure.
The lemure is moderately wounded.
Pikel barely misses you.
You shoot an arrow. The arrow closely misses Pikel.
The arrow hits the lemure.
The lemure is heavily wounded.
Pikel misses you.
You shoot an arrow.
The arrow hits Pikel but does no damage.
Pikel is almost dead.
Pikel hits you with a +1 whip of freezing.
Pikel freezes you.
You shoot an arrow. The arrow barely misses Pikel.
The arrow closely misses the lemure.
Pikel closely misses you.
You shoot an arrow. The arrow barely misses Pikel.
The arrow hits the lemure but does no damage.
The lemure is heavily wounded.
Pikel completely misses you.
You shoot an arrow. The arrow closely misses Pikel.
The arrow hits the lemure but does no damage.
The lemure is heavily wounded.
Pikel hits you with a +1 whip of freezing!
Pikel freezes you.
You shoot an arrow. The arrow hits Pikel.
Pikel is almost dead.
Pikel misses you.
You shoot an arrow.
The arrow hits Pikel but does no damage.
Pikel is almost dead.
Pikel hits you with a +1 whip of freezing.
Pikel freezes you.
You die...
Pikel says, "Another soul for the market."

#........>.........#
#..................#
#.........#...)....# #.#
#..................# #.#
#.........#........# #.#
#......%..#........# #.#
#......55.#........# #.#
#######K###........ #(#
##@# ....### .###.###
###%.##..#..#
.......######...#......#
.###.#........###.#..###
#.#####.#..# ... .#
.###.............<#. #
...%...<............#
####.............#..#
#..........#.#...


You could see Pikel and 2 lemures.

Vanquished Creatures
  Sigmund (D:4)
  Menkaure (D:4)
  2 black bears
  2 lemures (D:4)
  2 scorpions (D:4)
  Terence (D:3)
  4 gnolls (D:3)
  4 adders
  2 dart slugs
  6 orcs (D:3)
  4 ball pythons
  6 endoplasms
  4 giant cockroaches
  4 goblins
  5 hobgoblins
  3 jackals (D:1)
  4 kobolds
  A quokka (D:4)
  A bat (D:2)
  A frilled lizard (D:1)
  3 rats
61 creatures vanquished.

Notes
Turn   | Place    | Note
-------+----------+-------------------------------------------
     0 | D:1      | qw the Spriggan Hunter began the quest for the Orb.
     0 | D:1      | Reached XP level 1. HP: 10/10 MP: 2/2
     0 | D:1      | 0 ||| qw: Version: 0.3-a-155-g5e7d8dd
     0 | D:1      | 0 ||| qw: Game counter: 201
     0 | D:1      | 0 ||| qw: Melee chars always use a shield: true
     0 | D:1      | 0 ||| qw: God list: Okawaru
     0 | D:1      | 0 ||| qw: Allow faded altars: false
     0 | D:1      | 0 ||| qw: Do Orc after clearing Dungeon:15 true
     0 | D:1      | 0 ||| qw: Do second Lair branch before Depths: true
     0 | D:1      | 0 ||| qw: Lair rune preference: random
     0 | D:1      | 0 ||| qw: Goals: Normal
     0 | D:1      | 0 ||| PLANNING D:1-11
    19 | D:1      | Reached skill level 3 in Dodging
   220 | D:1      | Reached XP level 2. HP: 14/14 MP: 3/3
   628 | D:1      | 628 ||| READING scroll labelled KOYSAT EFUJIL.
   629 | D:1      | 629 ||| READING 2 scrolls labelled ZIUTU UK OTZO.
   629 | D:1      | 629 ||| IDENTIFYING ruby potion
   630 | D:1      | 630 ||| DROPPING scroll of butterflies.
   704 | D:2      | Reached XP level 3. HP: 18/18 MP: 4/4
  1108 | D:2      | 1108 ||| UPGRADING to amulet of the acrobat.
  1113 | D:2      | 1113 ||| READING 4 scrolls of identify.
  1113 | D:2      | 1113 ||| IDENTIFYING silvery potion
  1114 | D:2      | 1114 ||| READING 3 scrolls of identify.
  1114 | D:2      | 1114 ||| IDENTIFYING murky amethyst potion
  1115 | D:2      | 1115 ||| READING 2 scrolls of identify.
  1115 | D:2      | 1115 ||| IDENTIFYING scroll labelled REGREIL OCLO
  1116 | D:2      | 1116 ||| READING scroll of identify.
  1116 | D:2      | 1116 ||| IDENTIFYING scroll labelled KUYSER ATIQ
  1117 | D:2      | 1117 ||| DROPPING scroll of noise.
  1118 | D:2      | 1118 ||| DROPPING scroll of immolation.
  1119 | D:2      | 1119 ||| DROPPING potion of brilliance.
  1260 | D:3      | Found Cuguemaps's One-of-a-Kind Rings.
  1264 | D:3      | 1264 ||| SHOPLISTING +10 ring of slaying (2747 gold, have
                  | 121).
  1264 | D:3      | 1264 ||| SHOPLISTING ring "Cozxosm" {Fire Str+3} (421 gold,
                  | have 121).
  1264 | D:3      | 1264 ||| SHOPLISTING ring "Sommuzeta" {Fire rElec SInv}
                  | (475 gold, have 121).
  1346 | D:3      | 1346 ||| RETREEEEATING.
  1348 | D:3      | 1348 ||| RETREEEEATING.
  1351 | D:3      | 1351 ||| RETREEEEATING.
  1352 | D:3      | 1352 ||| RETREEEEATING.
  1356 | D:3      | Reached XP level 4. HP: 22/22 MP: 5/5
  1477 | D:3      | Noticed Terence
  1491 | D:3      | Killed Terence
  1907 | D:3      | 1907 ||| FLEEEEING.
  1920 | D:3      | Reached XP level 5. HP: 25/26 MP: 6/6
  1936 | D:3      | 1936 ||| READING scroll of identify.
  1936 | D:3      | 1936 ||| IDENTIFYING emerald potion
  1937 | D:3      | 1937 ||| READING scroll labelled BUKUBUETUR.
  1942 | D:3      | 1942 ||| READING scroll labelled JIUXZA YLAOXTU.
  1943 | D:3      | 1943 ||| DROPPING potion of attraction.
  1960 | D:4      | Noticed a black bear
  1963 | D:4      | 1963 ||| STAIRDANCE
  1968 | D:3      | HP: 4/26 [black bear (5)]
  1969 | D:3      | Killed a black bear
  2062 | D:4      | Noticed a black bear
  2063 | D:4      | 2063 ||| STAIRDANCE
  2073 | D:3      | Reached skill level 6 in Ranged Weapons
  2142 | D:4      | Killed a black bear
  2143 | D:4      | Reached skill level 6 in Dodging
  2143 | D:4      | Reached XP level 6. HP: 30/30 MP: 7/7
  2202 | D:4      | Noticed Sigmund
  2210 | D:4      | Killed Sigmund
  2211 | D:4      | Reached XP level 7. HP: 26/35 MP: 8/8
  2264 | D:4      | Noticed Menkaure
  2265 | D:4      | 2265 ||| ZAPPING wand of flame (7) at 0,-3 (Menkaure;
                  | floor).
  2266 | D:4      | 2266 ||| ZAPPING wand of flame (6) at 0,-2 (Menkaure;
                  | floor).
  2267 | D:4      | 2267 ||| ZAPPING wand of flame (5) at 0,-2 (Menkaure;
                  | floor).
  2267 | D:4      | Killed Menkaure
  2281 | D:4      | Noticed Pikel
  2299 | D:4      | 2299 ||| FLEEEEING.
  2300 | D:4      | 2300 ||| FLEEEEING.
  2301 | D:4      | 2301 ||| FLEEEEING.
  2303 | D:4      | 2303 ||| FLEEEEING.
  2304 | D:4      | 2304 ||| FLEEEEING.
  2305 | D:4      | 2305 ||| FLEEEEING.
  2306 | D:4      | 2306 ||| FLEEEEING.
  2308 | D:4      | 2308 ||| FLEEEEING.
  2309 | D:4      | 2309 ||| FLEEEEING.
  2310 | D:4      | 2310 ||| FLEEEEING.
  2311 | D:4      | 2311 ||| ZAPPING wand of flame (4) at 4,-4 (Pikel; floor).
  2312 | D:4      | 2312 ||| RETREEEEATING.
  2313 | D:4      | 2313 ||| RETREEEEATING.
  2314 | D:4      | 2314 ||| RETREEEEATING.
  2315 | D:4      | 2315 ||| RETREEEEATING.
  2316 | D:4      | 2316 ||| RETREEEEATING.
  2317 | D:4      | 2317 ||| RETREEEEATING.
  2318 | D:4      | 2318 ||| RETREEEEATING.
  2319 | D:4      | 2319 ||| ZAPPING wand of flame (3) at 2,-6 (Pikel; floor).
  2320 | D:4      | 2320 ||| ZAPPING wand of flame (2) at 1,-5 (Pikel; floor).
  2321 | D:4      | 2321 ||| ZAPPING wand of flame (1) at 1,-4 (Pikel; floor).
  2345 | D:4      | HP: 8/35 [Pikel/+1 whip of freezing (13)]
  2347 | D:4      | HP: 2/35 [Pikel/+1 whip of freezing (5)]
  2347 | D:4      | Slain by Pikel

Levels and vault maps discovered:
D:1:      heliophobic_arrival_ceremonial_halls, layout_loops_ring
D:2:      layout_basic
D:3:      layout_basic, nicolae_shop_unique_rings,
          chequers_serial_rivers_micro_d, uniq_terence
D:4:      layout_rooms, serial_shops, shop, uniq_grinder, uniq_menkaure,
          uniq_sigmund, uniq_pikel

Skill      XL: |  1  2  3  4  5  6  7 |
---------------+----------------------+-----
Dodging        | 3 4 5 6 7 |  7.0
Ranged Weapons | 5 6 7 |  7.5
Fighting       | 2 |  2.1
Stealth        | |  1.5

Action                     |  1- 3 |  4- 6 |  7- 9 || total
---------------------------+-------+-------+-------++-------
   Fire: Shortbow          |    83 |    94 |    49 ||   226
  Evoke: Wand              |       |       |     7 ||     7
    Use: Scroll            |     6 |     3 |       ||     9
 Armour: Robe              |     3 |    21 |     8 ||    32
  Dodge: Dodged            |    17 |    61 |    31 ||   109

Table legend:
 A = Non-vault XP
 B = Vault XP
 C = Vault XP percentage of total XP
 D = Non-vault monster count
 E = Vault monster count
 F = Vault count percentage of total count
                 A         B        C        D         E       F
            +---------+---------+-------+---------+---------+-------
      Total |     610 |     432 |  41.5 |      56 |       3 |   5.1
            +---------+---------+-------+---------+---------+-------
        D:1 |      34 |       0 |   0.0 |      17 |       0 |   0.0
        D:2 |      28 |       0 |   0.0 |       9 |       0 |   0.0
        D:3 |     242 |      36 |  12.9 |      21 |       1 |   4.5
        D:4 |     306 |     396 |  56.4 |       9 |       2 |  18.2
            +---------+---------+-------+---------+---------+-------
